 Dungeon Crawl Stone Soup version 0.30-a0-626-gd6a5dd7a1f (console) character file.

Game seed: 4779179065265394934

2088 Ignak the Covert (level 9, -13/57 HPs)
             Began as an Octopode Enchanter on Jan 11, 2023.
             Was an Initiate of Dithmenos.
             Mangled by Duvessa
             ... wielding a +0 short sword
              (17 damage)
             ... on level 6 of the Dungeon.
             The game lasted 00:15:40 (5001 turns).

Ignak the Covert (Octopode Enchanter)               Turns: 5001, Time: 00:15:41

Health: -13/57     AC:  9    Str:  7    XL:     9   Next: 27%
Magic:  13/15      EV: 16    Int: 17    God:    Dithmenos [......]
Gold:   275        SH:  0    Dex: 17    Spells: 3/16 levels left

rFire   . . .      SeeInvis .    g - +2 dagger (vamp)
rCold   . . .      Faith    .    (no shield)
rNeg    . . .      Spirit   .    v - +2 hat
rPois   .          Reflect  .    c - amulet of magic regeneration
rElec   .          Harm     .    (no ring)
rCorr   .          Rampage  .    (no ring)
Will    .....                    (no ring)
Stlth   +++++                    (no ring)
HPRegen 0.29/turn                (no ring)
MPRegen 0.54/turn                (no ring)
                                 (no ring)
                                 (no ring)

@: ice-armoured
A: almost no armour, amphibious, 8 rings, camouflage 1, gelatinous body 1,
(nimble swimmer 1), tentacles
a: Renounce Religion


You were on level 6 of the Dungeon.
You worshipped Dithmenos.
Dithmenos was noncommittal.
You visited 2 branches of the dungeon, and saw 7 of its levels.

You collected 275 gold pieces.

Inventory:

Hand Weapons
 g - a +2 vampiric dagger (weapon)
 i - a +0 dagger of protection
 r - a +2 heavy falchion
 s - a +1 dagger of draining
Missiles
 t - 12 poisoned darts (quivered)
Armour
 v - a +2 hat (worn)
Jewellery
 c - an amulet of magic regeneration (around mantle)
Wands
 b - a wand of polymorph (15)
 w - a wand of roots (14)
Scrolls
 e - 2 scrolls of teleportation {unknown}
 f - a scroll of enchant armour
 k - a scroll of fear {unknown}
 q - a scroll of blinking {unknown}
Potions
 a - 4 potions of curing
 d - a potion of brilliance
 h - a potion of resistance
 j - a potion of heal wounds {unknown}
 l - a potion of berserk rage {unknown}
 m - 2 potions of might
 n - a potion of ambrosia {unknown}
 o - a potion of lignification
 p - a potion of flight {unknown}


   Skills:
 + Level 3.5 Fighting
 + Level 3.8 Short Blades
 * Level 5.9 Dodging
 * Level 9.1 Stealth
 - Level 1.0 Unarmed Combat
 + Level 4.0 Spellcasting
 + Level 4.9 Hexes
 + Level 3.6 Ice Magic


You had 3 spell levels left.
You knew the following spells:

 Your Spells              Type           Power      Damage    Failure   Level
a - Confusing Touch       Hex            20%        N/A       6%          3
c - Ensorcelled Hibernat  Hex/Ice        36%        N/A       4%          2
d - Dazzling Flash        Conj/Hex       22%        N/A       17%         3
t - Passwall              Tmut/Erth      2%         N/A       24%         2
z - Ozocubu's Armour      Ice            15%        N/A       11%         3

Your spell library contained the following spells:

 Spells                   Type           Power      Damage    Failure   Level
 Tukima's Dance           Hex            20%        N/A       6%          3
 Sandblast                Erth           6%         2d5       16%         1
 Portal Projectile        Hex/Tloc       22%        N/A       17%         3
 Sublimation of Blood     Necr           3%         N/A       24%         2
 Wereblood                Tmut           3%         N/A       24%         2
 Call Canine Familiar     Summ           3%         N/A       43%         3
 Stone Arrow              Conj/Erth      6%         3d7       43%         3
 Leda's Liquefaction      Hex/Erth       5%         N/A       50%         4
 Metabolic Englaciation   Hex/Ice        9%         N/A       58%         5
 Blade Hands              Tmut           1%         N/A       99%         5
 Summon Forest            Summ/Tloc      1%         N/A       99%         5
 Eringya's Noxious Bog    Tmut/Pois      1%         N/A       100%        6
 Simulacrum               Ice/Necr       4%         N/A       100%        6
 Summon Hydra             Summ           1%         N/A       100%        7


Dungeon Overview and Level Annotations

Branches:
Dungeon (6/15)             Temple (1/1) D:6

Altars:
Ashenzari
Cheibriados
Dithmenos
Elyvilon
Fedhas
Hepliaklqana
Kikubaaqudgha
Makhleb
Nemelex Xobeh
Okawaru
Qazlal
Ru
Sif Muna
Trog
Uskayaw
Vehumet
Wu Jian
Xom
Yredelemnul
Zin
The Shining One

Annotations:
D:6 Duvessa


Innate Abilities, Weirdness & Mutations

You cannot wear most types of armour.
You are amphibious.
You can wear up to eight rings at the same time.
Your skin changes colour to match your surroundings (Stealth+).
Your rubbery body absorbs attacks. (AC +1, EV +1)
((You are camouflaged when in or above water. (Stealth+)))
You have tentacles for arms and can constrict up to eight enemies at once.


Message History

You feel better.
You constrict Duvessa. Duvessa hits you with a +0 short sword.
* * * LOW HITPOINT WARNING * * *
Press: ? - help, v - describe, . - travel
Here: Duvessa, wielding a +0 short sword and wearing a +4 scale mail (lightly wounded, constricted by you, berserk, chance to confuse on hit: 35%)
The floor, spattered with blood.
You hit Duvessa but do no damage. You squeeze Duvessa, but do no damage.
Duvessa is lightly wounded.
You constrict Duvessa, but do no damage.
Duvessa barely misses you.
You hit Duvessa but do no damage. You squeeze Duvessa.
Duvessa is lightly wounded.
You constrict Duvessa. Duvessa closely misses you. Duvessa misses you.
You feel better.
Your tentacles stop glowing.
You constrict Duvessa, but do no damage.
Duvessa hits you with a +0 short sword.
You hit Duvessa but do no damage.
Duvessa is lightly wounded.
You constrict Duvessa, but do no damage.
Duvessa hits you with a +0 short sword.
* * * LOW HITPOINT WARNING * * *
You hit Duvessa but do no damage. You squeeze Duvessa, but do no damage.
Duvessa is lightly wounded.
You constrict Duvessa. Duvessa hits you with a +0 short sword!
* * * LOW HITPOINT WARNING * * *
You feel better.
You constrict Duvessa, but do no damage.
Duvessa barely misses you. Duvessa misses you.
Casting: Ozocubu's Armour (dangerous; 11% risk of failure)
Confirm with . or Enter, or press ? or * to list all spells.
Your icy armour thickens.
You constrict Duvessa, but do no damage.
Duvessa hits you but does no damage.
You hit Duvessa but do no damage. You squeeze Duvessa, but do no damage.
Duvessa is lightly wounded.
You constrict Duvessa, but do no damage.
Duvessa hits you with a +0 short sword!
* * * LOW HITPOINT WARNING * * *
Duvessa hits you with a +0 short sword!
You die...

........... ##..##
........... ###.###
........... ##..##
........... ##....##
...........#####......#
......................#
....?....#####........##
........## ##...[.....#
.##....######...@.....(#
..........##.....e.....#
≈≈≈≈......#............#
≈≈≈≈≈≈.................#
≈≈≈≈≈≈≈≈...............#
...≈≈≈≈≈≈..............#
.>.≈≈≈≈≈≈.............##
...≈≈≈≈≈≈.............#
≈≈≈≈≈≈≈≈≈.............#


You could see Duvessa (berserk).

Vanquished Creatures
  A two-headed ogre (D:5)
  A steam dragon (D:5)
  An orc warrior (D:6)
  An ogre (D:5)
  A centaur (D:6)
  3 scorpions
  Dowan (D:6)
  A howler monkey (D:6)
  6 hounds
  3 orc priests
  7 iguanas
  7 orc wizards
  4 gnolls (D:5)
  9 adders
  A shadow imp (D:5)
  2 white imps (D:5)
  2 ufetubi
  A worm (D:2)
  2 dart slugs
  13 orcs
  6 ball pythons
  8 endoplasms
  4 giant cockroaches
  6 goblins
  4 hobgoblins
  11 jackals
  7 kobolds
  2 quokkas
  6 bats
  2 frilled lizards (D:2)
  6 rats
129 creatures vanquished.

Vanquished Creatures (others)
  A goblin (D:2)
  11 plants (D:3)
12 creatures vanquished.

Grand Total: 141 creatures vanquished

Notes
Turn   | Place    | Note
-------+----------+-------------------------------------------
     0 | D:1      | Ignak the Octopode Enchanter began the quest for the Orb.
     0 | D:1      | Reached XP level 1. HP: 11/11 MP: 3/3
   183 | D:1      | Reached XP level 2. HP: 17/17 MP: 5/5
   186 | D:1      | Learned a level 2 spell: Ensorcelled Hibernation
   716 | D:2      | Reached XP level 3. HP: 13/22 MP: 2/6
   896 | D:2      | Reached skill level 1 in Unarmed Combat
   916 | D:2      | Learned a level 3 spell: Ozocubu's Armour
  1066 | D:2      | Reached XP level 4. HP: 27/27 MP: 7/7
  1144 | D:2      | Reached skill level 5 in Stealth
  1640 | D:3      | Found a stormy altar of Qazlal.
  1677 | D:3      | Found a white marble altar of Elyvilon.
  1762 | D:3      | Found a bloodstained altar of Trog.
  2090 | D:4      | Reached skill level 1 in Fighting
  2090 | D:4      | Reached skill level 1 in Ice Magic
  2090 | D:4      | Reached XP level 5. HP: 33/33 MP: 6/8
  2326 | D:3      | Reached XP level 6. HP: 38/38 MP: 5/9
  2355 | D:3      | Learned a level 3 spell: Confusing Touch
  2415 | D:3      | Reached skill level 6 in Stealth
  2807 | D:5      | Entered Level 5 of the Dungeon
  2967 | D:5      | Reached XP level 7. HP: 44/44 MP: 11/11
  3087 | D:5      | Noticed a steam dragon
  3166 | D:5      | Killed a steam dragon
  3247 | D:5      | Noticed a two-headed ogre
  3256 | D:5      | Killed a two-headed ogre
  3257 | D:5      | Reached skill level 5 in Dodging
  3257 | D:5      | Reached skill level 7 in Stealth
  3257 | D:5      | Reached XP level 8. HP: 51/51 MP: 11/13
  3261 | D:5      | Reached skill level 8 in Stealth
  4058 | D:6      | Learned a level 2 spell: Passwall
  4062 | D:6      | Learned a level 3 spell: Dazzling Flash
  4146 | D:6      | Reached XP level 9. HP: 47/57 MP: 14/14
  4447 | D:6      | Found a staircase to the Ecumenical Temple.
  4456 | Temple   | Entered the Ecumenical Temple
  4597 | Temple   | Became a worshipper of Dithmenos the Shadowed
  4629 | D:6      | Reached skill level 9 in Stealth
  4724 | D:6      | Noticed Dowan
  4726 | D:6      | Noticed Duvessa
  4934 | D:6      | Killed Dowan
  5001 | D:6      | Mangled by Duvessa

Illustrated notes

Levels and vault maps discovered:
D:1:      scummos_arrival_checkerplants, layout_loops_corners
D:2:      layout_loops_ring, minmay_fountain_box, minmay_tall_x
D:3:      layout_basic, mainiacjoe_overflow_tiny_flanked,
          mainiacjoe_overflow_cross_hatched, mainiacjoe_overflow_catwalk
D:4:      layout_rooms, dk_vineyard_1
D:5:      cheibrodos_barr_body, layout_gridville
D:6:      layout_cave_pods, temple_pool_b, uniq_duvessa, uniq_sigmund
Temple:   nicolae_temple_bog_church

Skill      XL: |  1  2  3  4  5  6  7  8  9 |
---------------+----------------------------+-----
Unarmed Combat | 1 |  1.0
Stealth        | 5 6 7 8 9 |  9.1
Fighting       | 1 2 3 |  3.5
Ice Magic      | 1 2 3 |  3.6
Dodging        | 3 5 |  5.9
Short Blades   | 2 3 |  3.8
Spellcasting   | 3 4 |  4.0
Hexes          | 4 |  4.9

Action                   |  1- 3 |  4- 6 |  7- 9 || total
-------------------------+-------+-------+-------++-------
Melee: Dagger            |    67 |    73 |   153 ||   293
       Tentacles         |    10 |    15 |    38 ||    63
       Constrict         |    13 |    19 |    30 ||    62
       Punch             |     1 |       |     3 ||     4
Throw: Dart              |       |       |     3 ||     3
 Cast: Ensorcelled Hiber |     8 |    18 |    31 ||    57
       Ozocubu's Armour  |       |       |     6 ||     6
       Confusing Touch   |       |       |     2 ||     2
Evoke: Wand              |       |       |     1 ||     1
  Use: Potion            |     1 |     8 |     6 ||    15
       Scroll            |       |       |     3 ||     3
 Stab: Sleeping          |    14 |    17 |    16 ||    47
       Invisible         |       |       |     1 ||     1
       Distracted        |       |       |     1 ||     1
Armor: Skin              |     1 |     4 |    27 ||    32
Dodge: Dodged            |    38 |    45 |   121 ||   204

Table legend: (Time is in decaauts)
 A = Elapsed time spent in this place.
 B = Non-inter-level travel time spent in this place.
 C = Inter-level travel time spent in this place.
 D = Time resting spent in this place.
 E = Time spent auto-exploring this place.
 F = Levels seen in this place.
 G = Mean time per level.
                   A        B        C        D        E       F      G
               +--------+--------+--------+--------+--------+-----+--------+
         Total |   4969 |   4853 |    116 |    598 |   2538 |   7 |  709.9 |
       Dungeon |   4822 |   4712 |    110 |    598 |   2463 |   6 |  803.7 |
        Temple |    147 |    141 |      6 |      0 |     75 |   1 |  147.0 |
               +--------+--------+--------+--------+--------+-----+--------+

Top non-repeatable levels by time:
     D:5: 1269 daAuts
     D:3: 909 daAuts
     D:1: 688 daAuts
     D:6: 687 daAuts
     D:2: 678 daAuts
     D:4: 588 daAuts
  Temple: 147 daAuts
